TOP OF THE 1ST |
Wichita Wranglers batting - Pitching for Key West Barracudas : RHP George Bennion
|
Pitching: RHP George Bennion
|
|
Batting: RHB José López
|
0-0: Called Strike 0-1: Ball 1-1: Ball 2-1: Ground out 6-3 (Groundball, 56)
|
Batting: SHB Wayne Matthews
|
0-0: Ball 1-0: Ball 2-0: Ball 3-0: Base on Balls
|
Batting: RHB Gabriel Erwin
|
0-0: Ball 1-0: Ball 2-0: Foul Ball, location: 2F 2-1: Fly out, F7 (Line Drive, 7D)
|
Batting: LHB Richard Hinkle
|
0-0: Ball Wayne Matthews steals 2nd base 1-0: Ball Passed Ball! Wayne Matthews to third 2-0: Ball 3-0: Base on Balls
|
Batting: RHB Oliver Todd
|
0-0: Ball 1-0: Called Strike 1-1: Called Strike 1-2: Strikes out swinging
|
Top of the 1st over - 0 run(s), 0 hit(s), 0 error(s), 2 left on base; Wichita 0 - Key West 0 |
BOTTOM OF THE 1ST |
Key West Barracudas batting - Pitching for Wichita Wranglers : LHP Jeff Sandusky
|
Pitching: LHP Jeff Sandusky
|
|
Batting: SHB Luis Manuel López
|
0-0: Foul Ball, location: 2F 0-1: Fly out, F9 (Flyball, 9S)
|
Batting: SHB Héctor Padilla
|
0-0: Ball 1-0: SINGLE (Line Drive, 7S)
|
Batting: RHB Frederick Chamberlain
|
0-0: SINGLE (Flyball, 78S) Héctor Padilla to second
|
Batting: RHB Anastasio Zartuche
|
0-0: Ball 1-0: Ball 2-0: Called Strike 2-1: Foul Ball, location: 2F 2-2: SINGLE (Line Drive, 6M) Héctor Padilla to third Frederick Chamberlain to second
|
Batting: RHB Ramón Díaz
|
0-0: Ball 1-0: Hit by Pitch Héctor Padilla scores Frederick Chamberlain to third Anastasio Zartuche to second
|
Batting: SHB Jacob Knapp
|
0-0: Ball 1-0: Ball 2-0: Grounds into double play, 6-4-3 (Groundball, 6)
|
Bottom of the 1st over - 1 run(s), 3 hit(s), 0 error(s), 2 left on base; Wichita 0 - Key West 1 |
TOP OF THE 2ND |
Wichita Wranglers batting - Pitching for Key West Barracudas : RHP George Bennion
|
Batting: SHB José López
|
0-0: Called Strike 0-1: Fly out, F9 (Flyball, 9)
|
Batting: RHB Rusty Bennett
|
0-0: Ball 1-0: Foul Ball, location: 2F 1-1: Fly out, F4 (Line Drive, 4M)
|
Batting: SHB Lewis Woods
|
0-0: Ball 1-0: Ball 2-0: Ball 3-0: Base on Balls
|
Batting: RHB Félix Gonzáles
|
0-0: Ball 1-0: Called Strike Pickoff Throw to First - Out!
|
Top of the 2nd over - 0 run(s), 0 hit(s), 0 error(s), 0 left on base; Wichita 0 - Key West 1 |
BOTTOM OF THE 2ND |
Key West Barracudas batting - Pitching for Wichita Wranglers : LHP Jeff Sandusky
|
Batting: LHB Mauro Díaz
|
0-0: Ball 1-0: Called Strike 1-1: SINGLE (Groundball, 4MD)
|
Batting: SHB Rodney Birling
|
0-0: Grounds into double play, 6-4-3 (Groundball, 6)
|
Batting: RHB Júlio Cruz
|
0-0: Swinging Strike 0-1: Ball 1-1: Ball 2-1: Swinging Strike 2-2: Strikes out swinging
|
Bottom of the 2nd over - 0 run(s), 1 hit(s), 0 error(s), 0 left on base; Wichita 0 - Key West 1 |
TOP OF THE 3RD |
Wichita Wranglers batting - Pitching for Key West Barracudas : RHP George Bennion
|
Batting: RHB Félix Gonzáles
|
0-0: Ball 1-0: Ball 2-0: Called Strike 2-1: Foul Ball, location: 2F 2-2: Ground out U3 (Groundball, 34)
|
Batting: RHB José López
|
0-0: Fly out, F8 (Line Drive, 8LD)
|
Batting: SHB Wayne Matthews
|
0-0: Called Strike 0-1: Ball 1-1: SINGLE (Flyball, 7LS)
|
Batting: RHB Gabriel Erwin
|
0-0: Ball 1-0: Fielders Choice at 2nd, 6-4 (Groundball, 6)
|
Top of the 3rd over - 0 run(s), 1 hit(s), 0 error(s), 0 left on base; Wichita 0 - Key West 1 |
BOTTOM OF THE 3RD |
Key West Barracudas batting - Pitching for Wichita Wranglers : LHP Jeff Sandusky
|
Batting: SHB Luis Manuel López
|
0-0: Fly out, F6 (Flyball, 6MD)
|
Batting: SHB Héctor Padilla
|
0-0: Called Strike 0-1: Fly out, F8 (Flyball, 8RS)
|
Batting: RHB Frederick Chamberlain
|
0-0: Called Strike 0-1: SINGLE (Groundball, 3D)
|
Batting: RHB Anastasio Zartuche
|
0-0: Swinging Strike 0-1: Ball 1-1: Ball 2-1: Called Strike 2-2: Strikes out swinging
|
Bottom of the 3rd over - 0 run(s), 1 hit(s), 0 error(s), 1 left on base; Wichita 0 - Key West 1 |
TOP OF THE 4TH |
Wichita Wranglers batting - Pitching for Key West Barracudas : RHP George Bennion
|
Batting: LHB Richard Hinkle
|
0-0: Ball 1-0: Foul Ball, location: 2F 1-1: Ball 2-1: Foul Ball, location: 2F 2-2: Ball 3-2: Foul Ball, location: 2F 3-2: Ground out 3-1 (Groundball, 34S)
|
Batting: RHB Oliver Todd
|
0-0: Ball 1-0: Foul Ball, location: 2F 1-1: Foul Ball, location: 2F 1-2: SINGLE (Groundball, 56D)
|
Batting: SHB José López
|
0-0: Called Strike 0-1: Ball 1-1: Foul Ball, location: 2F 1-2: Ball 2-2: Ball 3-2: Ground out U3 (Groundball, 3L) Oliver Todd to second
|
Batting: RHB Rusty Bennett
|
0-0: Ball 1-0: Foul Ball, location: 2F 1-1: Foul Ball, location: 2F 1-2: Ground out U3 (Groundball, 34)
|
Top of the 4th over - 0 run(s), 1 hit(s), 0 error(s), 1 left on base; Wichita 0 - Key West 1 |
BOTTOM OF THE 4TH |
Key West Barracudas batting - Pitching for Wichita Wranglers : LHP Jeff Sandusky
|
Batting: RHB Ramón Díaz
|
0-0: Foul Ball, location: 2F 0-1: Called Strike 0-2: Foul Ball, location: 2F 0-2: Strikes out swinging
|
Batting: SHB Jacob Knapp
|
0-0: Ground out 6-3 (Groundball, 6)
|
Batting: LHB Mauro Díaz
|
0-0: Ball 1-0: Swinging Strike 1-1: Foul Ball, location: 2F 1-2: Ball 2-2: Ball 3-2: Fly out, F7 (Flyball, 78M)
|
Bottom of the 4th over - 0 run(s), 0 hit(s), 0 error(s), 0 left on base; Wichita 0 - Key West 1 |
TOP OF THE 5TH |
Wichita Wranglers batting - Pitching for Key West Barracudas : RHP George Bennion
|
Batting: SHB Lewis Woods
|
0-0: Called Strike 0-1: Called Strike 0-2: Foul Ball, location: 2F 0-2: Strikes out looking
|
Batting: RHB Félix Gonzáles
|
0-0: Ball 1-0: Called Strike 1-1: Fly out, F8 (Flyball, 8LD)
|
Batting: RHB José López
|
0-0: Called Strike 0-1: Swinging Strike 0-2: Ball 1-2: Ball 2-2: Foul Ball, location: 2F 2-2: Foul Ball, location: 2F 2-2: Ball 3-2: Strikes out swinging
|
Top of the 5th over - 0 run(s), 0 hit(s), 0 error(s), 0 left on base; Wichita 0 - Key West 1 |
BOTTOM OF THE 5TH |
Key West Barracudas batting - Pitching for Wichita Wranglers : LHP Jeff Sandusky
|
Batting: SHB Rodney Birling
|
0-0: Ball 1-0: Ball 2-0: Ball 3-0: Called Strike 3-1: Swinging Strike 3-2: Strikes out swinging
|
Batting: RHB Júlio Cruz
|
0-0: Fly out, F4 (Popup, 4S)
|
Batting: SHB Luis Manuel López
|
0-0: Bunt for hit - play at first, batter OUT! 5-3
|
Bottom of the 5th over - 0 run(s), 0 hit(s), 0 error(s), 0 left on base; Wichita 0 - Key West 1 |
TOP OF THE 6TH |
Wichita Wranglers batting - Pitching for Key West Barracudas : RHP George Bennion
|
Batting: SHB Wayne Matthews
|
0-0: Ball 1-0: Ball 2-0: Ball 3-0: Called Strike 3-1: Foul Ball, location: 2F 3-2: Foul Ball, location: 2F 3-2: Foul Ball, location: 2F 3-2: DOUBLE (Groundball, 5L)
|
Batting: RHB Gabriel Erwin
|
0-0: Ball 1-0: Foul Ball, location: 2F 1-1: Called Strike 1-2: Ball 2-2: Ground out 6-3 (Groundball, 6)
|
Batting: LHB Richard Hinkle
|
0-0: Ground out U3 (Groundball, 3L) Wayne Matthews to third
|
Batting: RHB Oliver Todd
|
0-0: Swinging Strike 0-1: Swinging Strike 0-2: Ball 1-2: Strikes out swinging wild pitch, reaches first! Wayne Matthews scores
|
Pitching: RHP Gabe Lewis
|
|
Batting: SHB José López
|
0-0: Called Strike Oliver Todd is caught stealing 2nd base
|
Top of the 6th over - 1 run(s), 1 hit(s), 0 error(s), 0 left on base; Wichita 1 - Key West 1 |
BOTTOM OF THE 6TH |
Key West Barracudas batting - Pitching for Wichita Wranglers : LHP Jeff Sandusky
|
Batting: SHB Héctor Padilla
|
0-0: Called Strike 0-1: Called Strike 0-2: Ground out 6-3 (Groundball, 6S)
|
Batting: RHB Frederick Chamberlain
|
0-0: Ball 1-0: Swinging Strike 1-1: Swinging Strike 1-2: Ball 2-2: Ground out 6-3 (Groundball, 6D)
|
Batting: RHB Anastasio Zartuche
|
0-0: Called Strike 0-1: Ground out 6-3 (Groundball, 56)
|
Bottom of the 6th over - 0 run(s), 0 hit(s), 0 error(s), 0 left on base; Wichita 1 - Key West 1 |
TOP OF THE 7TH |
Wichita Wranglers batting - Pitching for Key West Barracudas : RHP Gabe Lewis
|
Batting: SHB José López
|
0-0: Foul Ball, location: 2F 0-1: Ball 1-1: Ball 2-1: Ball 3-1: Swinging Strike 3-2: Base on Balls
|
Batting: RHB Rusty Bennett
|
0-0: Sac Bunt - play at first, batter OUT! 3-4 José López to second
|
Pinch Hitting: RHB Santiago Morales
|
0-0: Ground out 6-3 (Groundball, 6)
|
Batting: RHB Félix Gonzáles
|
0-0: Ball 1-0: TRIPLE (Flyball, 89XD) José López scores
|
Batting: RHB José López
|
0-0: Fly out, F9 (Flyball, 9S)
|
Top of the 7th over - 1 run(s), 1 hit(s), 0 error(s), 1 left on base; Wichita 2 - Key West 1 |
BOTTOM OF THE 7TH |
Key West Barracudas batting - Pitching for Wichita Wranglers : LHP Jeff Sandusky
|
Now at 2B: Santiago Morales
|
|
Batting: RHB Ramón Díaz
|
0-0: Called Strike 0-1: Foul Ball, location: 2F 0-2: Ball 1-2: Foul Ball, location: 2F 1-2: Foul Ball, location: 2F 1-2: Strikes out looking
|
Batting: SHB Jacob Knapp
|
0-0: Foul Ball, location: 2F 0-1: Fly out, F8 (Flyball, 78D)
|
Batting: LHB Mauro Díaz
|
0-0: Ball 1-0: Ball 2-0: Called Strike 2-1: Foul Ball, location: 2F 2-2: Fly out, F4 (Popup, 4MD)
|
Bottom of the 7th over - 0 run(s), 0 hit(s), 0 error(s), 0 left on base; Wichita 2 - Key West 1 |
TOP OF THE 8TH |
Wichita Wranglers batting - Pitching for Key West Barracudas : RHP Gabe Lewis
|
Batting: SHB Wayne Matthews
|
0-0: Ground out 3-1 (Groundball, 34S)
|
Batting: RHB Gabriel Erwin
|
0-0: Foul Ball, location: 2F 0-1: Called Strike 0-2: Ground out 3-1 (Groundball, 34S)
|
Batting: LHB Richard Hinkle
|
0-0: Ball 1-0: Called Strike 1-1: Ball 2-1: Swinging Strike 2-2: Ball 3-2: Ground out 3-1 (Groundball, 34)
|
Top of the 8th over - 0 run(s), 0 hit(s), 0 error(s), 0 left on base; Wichita 2 - Key West 1 |
BOTTOM OF THE 8TH |
Key West Barracudas batting - Pitching for Wichita Wranglers : LHP Jeff Sandusky
|
Batting: SHB Rodney Birling
|
0-0: Foul Ball, location: 2F 0-1: DOUBLE (Line Drive, 9LM)
|
Pinch Hitting: RHB Steve Gómez
|
0-0: Ball 1-0: Ball 2-0: Ball 3-0: Called Strike 3-1: Ground out 4-3 (Groundball, 4) Rodney Birling to third
|
Pinch Hitting: SHB Héctor Jiménez
|
0-0: Called Strike 0-1: Ball Wild Pitch! Rodney Birling scores 1-1: Ball 2-1: Foul Ball, location: 2F 2-2: Strikes out swinging
|
Batting: SHB Héctor Padilla
|
0-0: Swinging Strike 0-1: Ball 1-1: Fly out, F9 (Flyball, 89S)
|
Bottom of the 8th over - 1 run(s), 1 hit(s), 0 error(s), 0 left on base; Wichita 2 - Key West 2 |
TOP OF THE 9TH |
Wichita Wranglers batting - Pitching for Key West Barracudas : RHP Gabe Lewis
|
Pitching: RHP Gerald Núñez
|
|
Now at 2B: Héctor Jiménez
|
|
Now at 3B: Steve Gómez
|
|
Batting: RHB Oliver Todd
|
0-0: Ball 1-0: Foul Ball, location: 2F 1-1: Called Strike 1-2: Ground out 6-3 (Groundball, 6)
|
Batting: SHB José López
|
0-0: Called Strike 0-1: Foul Ball, location: 2F 0-2: Foul Ball, location: 2F 0-2: Foul Ball, location: 2F 0-2: Ball 1-2: Strikes out looking
|
Batting: RHB Rusty Bennett
|
0-0: Foul Ball, location: 2F 0-1: TRIPLE (Flyball, 89D)
|
Batting: RHB Santiago Morales
|
0-0: Ball 1-0: Ball 2-0: Ball 3-0: Called Strike 3-1: Fly out, F9 (Flyball, 9LSF)
|
Top of the 9th over - 0 run(s), 1 hit(s), 0 error(s), 1 left on base; Wichita 2 - Key West 2 |
BOTTOM OF THE 9TH |
Key West Barracudas batting - Pitching for Wichita Wranglers : LHP Jeff Sandusky
|
Batting: RHB Frederick Chamberlain
|
0-0: Ball 1-0: SINGLE (Groundball, 56D)
|
Batting: RHB Anastasio Zartuche
|
0-0: Ball 1-0: Called Strike 1-1: SINGLE (Line Drive, 9S) Frederick Chamberlain to second
|
Pitching: LHP Jeff Jackson
|
|
Batting: RHB Ramón Díaz
|
0-0: Ball 1-0: Called Strike 1-1: Ball 2-1: Swinging Strike 2-2: Strikes out swinging
|
Batting: SHB Jacob Knapp
|
0-0: Fly out, F9 (Flyball, 89M) Runner from 2nd tags up, OUT at 3rd
|
Bottom of the 9th over - 0 run(s), 2 hit(s), 0 error(s), 1 left on base; Wichita 2 - Key West 2 |
TOP OF THE 10TH |
Wichita Wranglers batting - Pitching for Key West Barracudas : RHP Gerald Núñez
|
Batting: RHB Félix Gonzáles
|
0-0: Ball 1-0: Ball 2-0: Swinging Strike 2-1: Ball 3-1: Foul Ball, location: 2F 3-2: Foul Ball, location: 2F 3-2: Ground out 6-3 (Groundball, 6)
|
Pinch Hitting: SHB Juan Glaviz
|
0-0: Fly out, F2 (Popup, 56S)
|
Batting: SHB Wayne Matthews
|
0-0: Ball 1-0: Foul Ball, location: 2F 1-1: Swinging Strike 1-2: Strikes out swinging
|
Top of the 10th over - 0 run(s), 0 hit(s), 0 error(s), 0 left on base; Wichita 2 - Key West 2 |
BOTTOM OF THE 10TH |
Key West Barracudas batting - Pitching for Wichita Wranglers : LHP Jeff Jackson
|
Now in CF: Juan Glaviz
|
|
Batting: LHB Mauro Díaz
|
0-0: Foul Ball, location: 2F 0-1: Fly out, F7 (Flyball, 7)
|
Pinch Hitting: RHB John Smith
|
0-0: Called Strike 0-1: Called Strike 0-2: Ball 1-2: Ground out 5-3 (Groundball, 25)
|
Batting: RHB Steve Gómez
|
0-0: Ball 1-0: Called Strike 1-1: Called Strike 1-2: Strikes out swinging, 2-3 out at first.
|
Bottom of the 10th over - 0 run(s), 0 hit(s), 0 error(s), 0 left on base; Wichita 2 - Key West 2 |
TOP OF THE 11TH |
Wichita Wranglers batting - Pitching for Key West Barracudas : RHP Gerald Núñez
|
Pitching: RHP Dennis Grange
|
|
Now at SS: Richard Sanders
|
|
Batting: RHB Gabriel Erwin
|
0-0: Foul Ball, location: 2F 0-1: Foul Ball, location: 2F 0-2: Fly out, F1 (Popup, 13)
|
Batting: LHB Richard Hinkle
|
0-0: Fly out, F9 (Line Drive, 89D)
|
Batting: RHB Oliver Todd
|
0-0: Called Strike 0-1: Ball 1-1: Ball 2-1: Foul Ball, location: 2F 2-2: Foul Ball, location: 2F 2-2: Foul Ball, location: 2F 2-2: Ground out 6-3 (Groundball, 6)
|
Top of the 11th over - 0 run(s), 0 hit(s), 0 error(s), 0 left on base; Wichita 2 - Key West 2 |
BOTTOM OF THE 11TH |
Key West Barracudas batting - Pitching for Wichita Wranglers : LHP Jeff Jackson
|
Batting: SHB Héctor Jiménez
|
0-0: Foul Ball, location: 2F 0-1: Ball 1-1: Called Strike 1-2: Strikes out swinging
|
Batting: SHB Héctor Padilla
|
0-0: SINGLE (Flyball, 7LS)
|
Batting: RHB Frederick Chamberlain
|
0-0: Called Strike 0-1: Ball 1-1: Ball 2-1: Called Strike 2-2: Foul Ball, location: 2F 2-2: Strikes out looking Héctor Padilla is caught stealing 2nd base Batter strikes out.
|
Bottom of the 11th over - 0 run(s), 1 hit(s), 0 error(s), 0 left on base; Wichita 2 - Key West 2 |
TOP OF THE 12TH |
Wichita Wranglers batting - Pitching for Key West Barracudas : RHP Dennis Grange
|
Batting: SHB José López
|
0-0: Ball 1-0: Called Strike 1-1: Ball 2-1: Swinging Strike 2-2: SINGLE (Groundball, 56D)
|
Batting: RHB Rusty Bennett
|
0-0: Bunted foul 0-1: Reached on error, E1 (Groundball, 15) José López to third
|
Batting: RHB Santiago Morales
|
0-0: Foul Ball, location: 2F 0-1: SINGLE (Groundball, 6D) José López scores Rusty Bennett to third Runner from 3rd tries for Home, SAFE, no throw
|
Batting: RHB Félix Gonzáles
|
0-0: Foul Ball, location: 2F 0-1: Called Strike 0-2: Ball 1-2: Ball 2-2: Ball 3-2: Base on Balls Santiago Morales to second
|
Batting: SHB Juan Glaviz
|
0-0: Bunted foul 0-1: Sac Bunt - play at first, batter OUT! 3-4 Santiago Morales to third Félix Gonzáles to second
|
Batting: SHB Wayne Matthews
|
0-0: DOUBLE (Line Drive, 7LM) Santiago Morales scores Félix Gonzáles scores
|
Pitching: RHP Bob Schneider
|
|
Batting: RHB Gabriel Erwin
|
0-0: Ball 1-0: Ball 2-0: Ball 3-0: Called Strike 3-1: Called Strike 3-2: Foul Ball, location: 2F 3-2: Base on Balls
|
Batting: LHB Richard Hinkle
|
0-0: Ball Wayne Matthews is caught stealing 3rd base Gabriel Erwin to second 1-0: Foul Ball, location: 2F 1-1: Swinging Strike 1-2: Ball 2-2: Ground out 5-3 (Groundball, 56S)
|
Top of the 12th over - 4 run(s), 3 hit(s), 1 error(s), 1 left on base; Wichita 6 - Key West 2 |
BOTTOM OF THE 12TH |
Key West Barracudas batting - Pitching for Wichita Wranglers : LHP Jeff Jackson
|
Batting: RHB Anastasio Zartuche
|
0-0: Foul Ball, location: 2F 0-1: Foul Ball, location: 2F 0-2: Foul Ball, location: 2F 0-2: Strikes out swinging
|
Batting: RHB Ramón Díaz
|
0-0: Ball 1-0: Foul Ball, location: 2F 1-1: Foul Ball, location: 2F 1-2: Foul Ball, location: 2F 1-2: Ball 2-2: Strikes out swinging
|
Batting: SHB Jacob Knapp
|
0-0: Ball 1-0: Ball 2-0: Fly out, F3 (Popup, 3S)
|
Bottom of the 12th over - 0 run(s), 0 hit(s), 0 error(s), 0 left on base; Wichita 6 - Key West 2 |
|